 Dungeon Crawl Stone Soup version 0.23.2-30-g0e89c35649 (webtiles) character file.

Game seed: 8520130591822385111

6 Hivemind the Sneak (level 1, -2/9 HPs)
             Began as a Spriggan Enchanter on June 9, 2019.
             Slain by a frilled lizard (3 damage)
             ... on level 1 of the Dungeon.
             The game lasted 00:02:55 (181 turns).

Hivemind the Sneak (Spriggan Enchanter)              Turns: 181, Time: 00:02:56

Health: -2/9       AC:  2    Str:  4    XL:     1   Next: 75%
Magic:  4/5        EV: 18    Int: 16    God:
Gold:   17         SH:  0    Dex: 16    Spells: 4/5 levels left

rFire    . . .     SeeInvis +   a - +1 dagger
rCold    . . .     Gourm    .   (shield restricted)
rNeg     . . .     Faith    .   b - +0 robe
rPois    .         Spirit   .   (helmet restricted)
rElec    .         Reflect  .   (no cloak)
rCorr    .         Harm     .   (gloves unavailable)
MR       .....                  (boots unavailable)
Stlth    +++.......             (no amulet)
HPRegen  0.03/turn              f - ring of see invisible
MPRegen  0.09/turn              (no ring)

@: very quick
A: very small, unfitting armour, see invisible, herbivore, speed 3, slow
metabolism 2
a: no special abilities


You were on level 1 of the Dungeon.
You were not hungry.

You visited 1 branch of the dungeon, and saw 1 of its levels.

You collected 17 gold pieces.

Inventory:

Hand Weapons
 a - a +1 dagger (weapon)
Missiles
 c - 2 throwing nets (quivered)
 e - 14 stones
Armour
 b - a +0 robe (worn)
Jewellery
 f - a ring of see invisible (left hand)
Scrolls
 g - a scroll of remove curse {unknown}
Potions
 h - a potion of berserk rage {unknown}
Comestibles
 d - a ration


   Skills:
 + Level 2.1 Short Blades
 - Level 3.0 Dodging
 - Level 4.4 Stealth
 - Level 2.6 Spellcasting
 - Level 3.6 Hexes


You had 4 spell levels left.
You knew the following spells:

 Your Spells              Type           Power        Failure   Level  Hunger
a - Corona                Hex            ##.....      4%          1    #......

Your spell library contained the following spells:

 Spells                   Type           Power        Failure   Level  Hunger
 Confuse                  Hex            ##......     13%         3    ###....
 Tukima's Dance           Hex            ##......     13%         3    ###....
 Ensorcelled Hibernation  Hex/Ice        #.....       14%         2    ##.....
 Dazzling Spray           Conj/Hex       #.....       28%         3    ###....


Dungeon Overview and Level Annotations

Branches:
Dungeon (1/15)

Altars:


Innate Abilities, Weirdness & Mutations

You are very small and have problems with some larger weapons.
You are too small for most types of armour.
You have supernaturally acute eyesight. (SInv)
You are a herbivore.
You cover ground extremely quickly.
You need to consume almost no food.


Message History

The bat is heavily wounded.
The bat closely misses you. The frilled lizard bites you. The bat hits you.
You barely miss the bat.
The bat is heavily wounded.
The bat closely misses you. The frilled lizard bites you.
The bat hits you but does no damage. The frilled lizard bites you.
* * * LOW HITPOINT WARNING * * *
The bat hits you but does no damage.
Casting: Corona (safe; 4% risk of failure)
Confirm with . or Enter, or press ? or * to list all spells.
Aiming: Corona (safe; 4% risk of failure)
Press: ? - help, Shift-Dir - straight line, f - bat
Aim: a bat (moderately wounded, chance to defeat MR: 67%)
The bat is outlined in light.
The bat hits you.
* * * LOW HITPOINT WARNING * * *
You are too injured to fight recklessly!
You hit the frilled lizard.
The frilled lizard is heavily wounded.
The frilled lizard bites you.
You die...

.. +)# #.. #.# ####.####.#
#.# +......##.# #.#
#+###+#.#....# #.#
#.....'.####.#
######.#####.....######.#
...........#..><.#.......
####.bl###.....#+####.#
##.#@# #.....#.# #.# ##..>.#
#######.####.# ..#####..#..+
#....+..#.# ...........##
#######.##.#.# ######.##..#
#.....'.##.#.#
#.#######'###.####.#.#
.######.# #.##.###.# #.#.#
........# ##.#..##..####.#..
######..###....###.........#


You could see a bat and a frilled lizard.

Vanquished Creatures
  A leopard gecko (D:1)
  A hobgoblin (D:1)
  A bat (D:1)
  2 kobolds (D:1)
5 creatures vanquished.

Notes
Turn   | Place    | Note
-------+----------+-------------------------------------------
     0 | D:1      | Hivemind the Spriggan Enchanter began the quest for the
                  | Orb.
     0 | D:1      | Reached XP level 1. HP: 9/9 MP: 5/5
   181 | D:1      | Slain by a frilled lizard

Skill      XL: |  1 |
---------------+----+-----
Short Blades   | 2 |  2.1
Dodging        | |  3.0
Stealth        | |  4.4
Spellcasting   | |  2.6
Hexes          | |  3.6

Action                   || total
-------------------------++-------
Melee: Dagger            ||    20
Throw: Throwing net      ||     1
 Cast: Corona            ||     3
 Stab: Sleeping          ||     3
       Held in net/web   ||     1
Armor: Robe              ||     4
Dodge: Dodged            ||    17
